 Dungeon Crawl Stone Soup version 0.30-a0-557-ge2afbf3030 (webtiles) character file.

Game seed: 13773672343071087696

14 demibob the Slasher (level 2, 0/24 HPs)
             Began as a Demonspawn Monk on Dec 28, 2022.
             Slain by a ball python (2 damage)
             ... on level 1 of the Dungeon.
             The game lasted 00:01:00 (927 turns).

demibob the Slasher (Demonspawn Monk)                Turns: 927, Time: 00:01:00

Health: 0/24       AC:  2    Str: 11    XL:     2   Next: 31%
Magic:  2/2        EV: 12    Int: 11    God:
Gold:   62         SH:  0    Dex: 15    Spells: 1/1 levels left

rFire   . . .      SeeInvis .    a - +0 falchion
rCold   . . .      Faith    .    (no shield)
rNeg    . . .      Spirit   .    b - +0 robe
rPois   .          Reflect  .    (helmet restricted)
rElec   .          Harm     .    (no cloak)
rCorr   .          Rampage  .    (no gloves)
Will    .....                    (no boots)
Stlth   ++                       (no amulet)
HPRegen 0.24/turn                (no ring)
MPRegen 0.08/turn                (no ring)

@: no status effects
A: horns 1
a: no special abilities


You were on level 1 of the Dungeon.
You visited 1 branch of the dungeon, and saw 1 of its levels.

You collected 62 gold pieces.


Innate Abilities, Weirdness & Mutations

You have a pair of small horns on your head.


   Skills:
 - Level 3.0 Fighting
 + Level 3.4 Long Blades
 - Level 2.6 Dodging
 - Level 1.7 Stealth


You had one spell level left.
You didn't know any spells.
Your spell library was empty.

Inventory:

Hand Weapons
 a - a +0 falchion (weapon)
Armour
 b - a +0 robe (worn)
Jewellery
 M - a ring of magical power
Scrolls
 d - 3 scrolls of identify {@r1}
 e - a scroll of poison {unknown}
 f - a scroll of fog
Potions
 c - 2 potions of ambrosia

Dungeon Overview and Level Annotations

Branches:
Dungeon (1/15)

Altars:
Jiyva

#...########..#...#....#....##
#...#.... ##..##....##....#..
#...#....#####.......#.#.....# #
#..g#....#.#.8J....#...#...#..
####...#..(.'........##.##..#...#
...#..[#....'..............#...#.
##....J#..⚑.#.#J8JJg...##......##
###...#...g#####SJ...#..#...#..#
#...#.S.. ##@J..#...##..#.#.#
#...########..Sl##..#...#..#..
#......g..J...gr.......##..#..
#...▒▒▒........#.#.#...#.....#
#.............#....#..#.#...##
#.....................#...##.#
##############################


You could see 3 jellies, 3 endoplasms, a goblin, a ball python (ally target), a
friendly quokka (summoned), a friendly hobgoblin (summoned), a friendly ball
python (summoned) and a friendly frilled lizard (summoned).


Message History

The endoplasm attacks as you move away! The endoplasm closely misses you.
The endoplasm attacks as you move away! The endoplasm barely misses you.
The endoplasm attacks as you move away! The endoplasm hits you.
The endoplasm attacks as you move away! The endoplasm hits you.
As you read the scroll labelled CIOFAA GIROG, it crumbles to dust.
It is a scroll of identify.
f - a scroll of fog The jelly quivers.
The endoplasm closely misses you. The jelly hits you but does no damage.
The jelly jiggles.
The jelly hits you.
You are splashed with acid!
The endoplasm freezes you.
You are frozen.
The jelly attacks as you move away! The jelly closely misses you.
The ball python attacks as you move away!
The ball python barely misses you. x2; The jelly hits you.
You are splashed with acid!
* * * LOW HITPOINT WARNING * * *
The ball python attacks as you move away!
The ball python closely misses you. The endoplasm hits you.
* * * LOW HITPOINT WARNING * * *
Okay, then.
The ball python attacks as you move away!
The ball python closely misses you. The ball python barely misses you.
The jelly quivers.
The ball python barely misses you. The ball python closely misses you.
As you read the scroll labelled QUFRIS GESOCSE, it crumbles to dust.
Wisps of shadow whirl around you...
It was a scroll of summoning.
The ball python bites you.
You die...

Skill      XL: |  1 |
---------------+----+-----
Long Blades    | 3 |  3.4
Fighting       | |  3.0
Dodging        | |  2.6
Stealth        | |  1.7

Action                   || total
-------------------------++-------
Melee: Falchion          ||    31
       Headbutt          ||     2
  Use: Scroll            ||     2
 Stab: Sleeping          ||     5
Armor: Robe              ||    10
Dodge: Dodged            ||    35

Levels and vault maps discovered:
D:1:      erik_arrival_cave_to_civilisation [erik_arrival_cave_to_temple],
          layout_basic

Notes
Turn   | Place    | Note
-------+----------+-------------------------------------------
     0 | D:1      | demibob the Demonspawn Monk began the quest for the Orb.
     0 | D:1      | Reached XP level 1. HP: 18/18 MP: 1/1
    70 | D:1      | Reached skill level 3 in Long Blades
    87 | D:1      | Found a large runed translucent door.
    87 | D:1      | Found a large runed translucent door.
    88 | D:1      | Noticed a jelly
    89 | D:1      | Found a viscous altar of Jiyva.
    90 | D:1      | Noticed a jelly
    92 | D:1      | Noticed a jelly
   156 | D:1      | Gained mutation: You have a pair of small horns on your
                  | head. [demonic ancestry]
   156 | D:1      | Reached XP level 2. HP: 23/24 MP: 2/2
   925 | D:1      | HP: 1/24 [endoplasm (2)]
   927 | D:1      | Slain by a ball python

Vanquished Creatures
  2 endoplasms (D:1)
  A giant cockroach (D:1)
  A goblin (D:1)
  A hobgoblin (D:1)
  A quokka (D:1)
  3 ball pythons (D:1)
  A bat (D:1)
  A frilled lizard (D:1)
  2 kobolds (D:1)
  A rat (D:1)
14 creatures vanquished.

Table legend: (Time is in decaauts)
 A = Elapsed time spent in this place.
 B = Non-inter-level travel time spent in this place.
 C = Inter-level travel time spent in this place.
 D = Time resting spent in this place.
 E = Time spent auto-exploring this place.
 F = Levels seen in this place.
 G = Mean time per level.
                   A        B        C        D        E       F      G
               +--------+--------+--------+--------+--------+-----+--------+
         Total |    931 |    931 |      0 |      0 |    797 |   1 |  931.0 |
       Dungeon |    931 |    931 |      0 |      0 |    797 |   1 |  931.0 |
               +--------+--------+--------+--------+--------+-----+--------+

Top non-repeatable levels by time:
     D:1: 931 daAuts

Table legend:
 A = Non-vault XP
 B = Vault XP
 C = Vault XP percentage of total XP
 D = Non-vault monster count
 E = Vault monster count
 F = Vault count percentage of total count
                 A         B        C        D         E       F
            +---------+---------+-------+---------+---------+-------
      Total |      17 |       4 |  19.0 |      12 |       2 |  14.3
            +---------+---------+-------+---------+---------+-------
        D:1 |      17 |       4 |  19.0 |      12 |       2 |  14.3
            +---------+---------+-------+---------+---------+-------
